 Dungeon Crawl Stone Soup version bcrawl-1.28.1b (webtiles) character file.

Game seed: 12260430433355585628

99090 Morbidden the Sneak (level 3, -5/28 HPs)
             Began as a Demigod Archaeologist on Dec 25, 2020.
             Killed by divine providence
             ... invoked by an orc priest
              (12 damage)
             ... on level 3 of the Dungeon.
             The game lasted 00:03:16 (2085 turns).

Morbidden the Sneak (Demigod Archaeologist)         Turns: 2085, Time: 00:03:17

Health: -5/28      AC:  8    Str: 25    XL:     3   Next: 75%
Magic:  6/6        EV: 13    Int: 18    God:    Demigod [*.....]
Gold:   102        SH:  0    Dex: 15    Spells: 2/2 levels left

rFire    + . .     SeeInvis +   a - +4 dagger
rCold    . . .     Gourm    .   (no shield)
rNeg     . . .     Faith    .   b - +1 robe
rPois    .         Spirit   .   c - +1 hat
rElec    .         Reflect  .   o - +0 cloak
rCorr    +         Harm     .   i - +0 pair of gloves {Str+3}
MR       .....                  d - +1 pair of boots
Stlth    +++.......             (no amulet)
HPRegen  0.09/turn              t - ring of resist corrosion
MPRegen  0.10/turn              (no ring)

@: mighty, lethally poisoned (-5 -> -8)
A: claws 1, see invisible, fire resistance 1, high mp 1
a: Temporal Distortion


You were on level 3 of the Dungeon.
You worshipped Demigod.
Demigod was aware of your devotion.
You were hungry.

You visited 1 branch of the dungeon, and saw 3 of its levels.

You collected 102 gold pieces.

Inventory:

Hand Weapons
 a - a +4 dagger (weapon)
Missiles
 s - 63 poisoned tomahawks (quivered)
Armour
 b - a +1 robe (worn)
 c - a +1 hat (worn)
 d - a +1 pair of boots (worn)
 i - a +0 pair of gloves of strength (worn)
 o - a +0 cloak (worn)
Jewellery
 h - an uncursed ring of fire
 t - a ring of resist corrosion (left hand)
Wands
 l - a wand of flame (10)
Scrolls
 g - a scroll of magic mapping
 j - a scroll of remove curse {unknown}
 m - a scroll of blinking {unknown}
 r - 2 scrolls of amnesia
 v - a scroll of fear {unknown}
 x - a scroll of enchant weapon {unknown}
 y - a scroll of fog {unknown}
Potions
 n - a potion of haste {unknown}
 p - a potion of curing {unknown}
 q - a potion of brilliance {unknown}
 z - a potion of might
Miscellaneous
 f - a dusty tome
Comestibles
 e - 5 rations {!d}
 u - 2 chunks of flesh


   Skills:
 * Level 1.0 Fighting
   Level 1.7 Maces & Flails
 + Level 0.3 Throwing
 + Level 3.0 Dodging
 + Level 3.6 Stealth
 * Level 1.4 Invocations


You had 2 spell levels left.
You didn't know any spells.
Your spell library was empty.

Dungeon Overview and Level Annotations

Branches:
Dungeon (3/12)


Innate Abilities, Weirdness & Mutations

You have an increased reservoir of magic. (+10% MP)
You have sharp fingernails.
You have supernaturally acute eyesight. (SInv)
Your flesh is heat resistant. (rF+)


Message History

A kobold comes into view. It is wielding a +0 whip.
You feel sick.
The kobold shouts!
The kobold throws a stone.
The stone misses you.
The stone hits the orc but does no damage.
Unknown command.
Unknown command.
Okay, then.
It was a potion of might.
You feel very mighty all of a sudden.
You feel sick. The orc hits you.
* * * LOW HITPOINT WARNING * * *
No path to travel!
It was a potion of mutation.
You feel extremely strange.
You feel resistant to heat.
Your fingernails lengthen.
Your vision sharpens.
The orc hits you but does no damage.
The orc priest calls down the wrath of Beogh upon you.
Beogh smites you!
You die...
Your divinity fades.

#... ...# #..#######
####......#.. >....o#
#..#.####### ####<.#
#.###......############
#..###o.#.#####.....<.......
#..o...#.###################
#.##.###.o.oo@.K...#
..#...############.#
#.o....# .o......#
###......# #.#...## #.#.###
.)#.


You could see an orc priest, 2 orcs and a kobold.

Vanquished Creatures
  2 oozes (D:1)
  3 worms
  3 dart slugs
  3 leopard geckos
  2 orcs
  A giant cockroach (D:2)
  A goblin (D:1)
  4 hobgoblins
  4 frilled lizards
  6 kobolds (D:2)
  4 rats (D:1)
33 creatures vanquished.

Notes
Turn   | Place    | Note
-------+----------+-------------------------------------------
     0 | D:1      | Morbidden the Demigod Archaeologist began the quest for the
                  | Orb.
     0 | D:1      | Reached XP level 1. HP: 15/15 MP: 3/3
   404 | D:1      | Reached skill level 1 in Maces & Flails
   518 | D:1      | Reached XP level 2. HP: 22/22 MP: 4/4
  1065 | D:2      | Reached XP level 3. HP: 27/27 MP: 5/5
  1237 | D:2      | Found a white marble altar of Elyvilon.
  1431 | D:2      | Reached skill level 1 in Invocations
  1535 | D:2      | Reached * piety under Demigod
  1632 | D:2      | Reached skill level 1 in Fighting
  2085 | D:3      | Gained mutation: Your flesh is heat resistant. (rF+)
                  | [potion of mutation]
  2085 | D:3      | Gained mutation: You have sharp fingernails. [potion of
                  | mutation]
  2085 | D:3      | Gained mutation: You have supernaturally acute eyesight.
                  | (SInv) [potion of mutation]
  2085 | D:3      | Killed from afar by an orc priest

Skill      XL: |  1  2  3 |
---------------+----------+-----
Maces & Flails | 1 |  1.7
Dodging        | 3 |  3.0
Invocations    | 1 |  1.4
Fighting       | 1 |  1.0
Throwing       | |  0.3
Stealth        | |  3.6

Action                   || total
-------------------------++-------
Melee: Mace              ||    83
       Whip              ||     2
       Dagger            ||    29
Throw: Tomahawk          ||     8
  Use: Scroll            ||     2
       Potion            ||     2
 Stab: Sleeping          ||     7
  Eat: Chunk             ||     7
Armor: Robe              ||    24
Dodge: Dodged            ||    67
